 Dungeon Crawl Stone Soup version 0.28-a0-317-g21599a725c (webtiles) character file.

Game seed: 8643466484933993550

78 McIrco the Cutter (level 4, 0/29 HPs)
             Began as a Kobold Berserker on Sept 1, 2021.
             Was a Believer of Trog.
             Slain by an adder (3 damage)
             ... on level 2 of the Dungeon.
             The game lasted 00:02:03 (1860 turns).

McIrco the Cutter (Kobold Berserker)                Turns: 1860, Time: 00:02:04

Health: 0/29       AC:  3    Str: 15    XL:     4   Next: 61%
Magic:  4/4        EV: 15    Int:  8    God:    Trog [**....]
Gold:   49         SH:  0    Dex: 14    Spells: 3/3 levels left

rFire   . . .      SeeInvis .   a - +1 short sword
rCold   . . .      Faith    .   (shield restricted)
rNeg    . . .      Spirit   .   b - +0 animal skin
rPois   .          Reflect  .   (no helmet)
rElec   .          Harm     .   (no cloak)
rCorr   .          Rampage  .   (no gloves)
Will    .....                   h - +0 pair of boots
Stlth   +++.......              (no amulet)
HPRegen 0.09/turn               (no ring)
MPRegen 0.09/turn               (no ring)

@: on berserk cooldown, attractive, slowed, very slow
A: small, no large weapons, nightstalker 3
a: Renounce Religion, Berserk, Trog's Hand


You were on level 2 of the Dungeon.
You worshipped Trog.
Trog was pleased with you.
You visited 1 branch of the dungeon, and saw 2 of its levels.

You collected 49 gold pieces.

Inventory:

Hand Weapons
 a - a +1 short sword (weapon)
Armour
 b - a +0 animal skin (worn)
 h - a +0 pair of boots (worn)
Potions
 d - 2 potions of berserk rage
 e - a potion of mutation {unknown}
 g - a potion of attraction
 i - a potion of haste {unknown}


   Skills:
 + Level 3.8 Fighting
 + Level 5.1 Short Blades
 + Level 1.7 Armour
 + Level 3.0 Dodging
 + Level 2.5 Stealth


You had 3 spell levels left.
You didn't know any spells.
Your spell library was empty.

Dungeon Overview and Level Annotations

Branches:
Dungeon (2/15)

Altars:
Xom


Innate Abilities, Weirdness & Mutations

You are small and have problems with some larger weapons.
You are completely attuned to the shadows.


Message History

The adder bites you. The gnoll misses you.
The gnoll hits you from afar with a +0 spear.
The gnoll hits you with a +0 spear.
You closely miss the gnoll.
The gnoll is severely wounded.
The adder misses you.
You puncture the gnoll!
You kill the gnoll!
Trog accepts your kill. The adder barely misses you.
The gnoll hits you from afar with a +0 halberd.
* * * LOW HITPOINT WARNING * * *
The gnoll misses you.
Your Dodging skill increases to level 3!
You feel a strong urge to attack something.
The gnoll throws a throwing net.
The throwing net barely misses you.
You see here a throwing net.
You are no longer berserk.
You are exhausted.
You feel yourself slow down.
As you read the scroll labelled LENOEQ HABBE, it crumbles to dust.
It is a scroll of enchant weapon.
Your +0 short sword glows red for a moment.
The adder barely misses you.
The gnoll hits you from afar with a +0 halberd.
* * * LOW HITPOINT WARNING * * *
The adder barely misses you.
As you read the scroll labelled COXTUA OSTRUGHO, it crumbles to dust.
It is a scroll of identify.
d - 2 potions of berserk rage The gnoll hits you from afar with a +0 halberd.
* * * LOW HITPOINT WARNING * * *
The adder barely misses you. The gnoll closely misses you.
The gnoll barely misses you.
Unknown command.
You aren't carrying any scrolls.
It was a potion of attraction.
You feel attractive to monsters. The adder misses you. The adder bites you.
You die...

#### ############ .
#######..........##..
...>.....###.:.......
###.###..#
#.###.##... ....#
#..# #.# #.##...
##[.# #..# #.#
#@#.... ##..# #..#
#.# #S..... ##....
###gg.... ###.#..
.......... ....
.###..)... #......
#.#.... .. #...


You could see 2 gnolls and an adder.

Vanquished Creatures
  A gnoll (D:2)
  2 adders (D:2)
  A worm (D:2)
  3 dart slugs
  4 endoplasms
  A giant cockroach (D:1)
  A goblin (D:2)
  5 hobgoblins
  6 jackals
  2 quokkas (D:1)
  3 ball pythons
  3 bats
  4 kobolds
  4 rats
40 creatures vanquished.

Notes
Turn   | Place    | Note
-------+----------+-------------------------------------------
     0 | D:1      | McIrco the Kobold Berserker began the quest for the Orb.
     0 | D:1      | Reached XP level 1. HP: 14/14 MP: 1/1
     2 | D:1      | Noticed a demigod
     4 | D:1      | Noticed a draconian
     4 | D:1      | Noticed an octopode
     6 | D:1      | Noticed an elf
     6 | D:1      | Noticed a gargoyle
     8 | D:1      | Noticed a formicid
     8 | D:1      | Noticed a felid
    10 | D:1      | Noticed an ogre
    10 | D:1      | Noticed a spriggan
    12 | D:1      | Noticed a palentonga
    12 | D:1      | Noticed a barachi
    14 | D:1      | Noticed a minotaur
    16 | D:1      | Noticed a vine stalker
    16 | D:1      | Noticed a tengu
    18 | D:1      | Noticed a human
    20 | D:1      | Noticed a ghoul
    20 | D:1      | Noticed a djinni
    22 | D:1      | Noticed a vampire
    22 | D:1      | Noticed a demonspawn
    24 | D:1      | Noticed a dwarf
    24 | D:1      | Noticed a naga
    26 | D:1      | Noticed a troll
    26 | D:1      | Noticed a merfolk
    78 | D:1      | Reached XP level 2. HP: 10/19 MP: 2/2
   523 | D:1      | Reached skill level 1 in Stealth
   711 | D:1      | Reached XP level 3. HP: 24/24 MP: 3/3
  1296 | D:2      | Found a shimmering altar of Xom.
  1541 | D:2      | Reached ** piety under Trog
  1542 | D:2      | Reached XP level 4. HP: 29/29 MP: 4/4
  1568 | D:2      | Found a faded altar of an unknown god.
  1618 | D:2      | Reached skill level 5 in Short Blades
  1860 | D:2      | Slain by an adder

Illustrated notes

Levels and vault maps discovered:
D:1:      kb_arrival_jail, layout_loops_ring, minmay_liquid_box
D:2:      layout_loops_ring, hellmonk_ecumenical_altar_prayer_group, basic_altar

Skill      XL: |  1  2  3  4 |
---------------+-------------+-----
Stealth        | 1 2 |  2.5
Short Blades   | 5 |  5.1
Dodging        | 3 |  3.0
Fighting       | |  3.8
Armour         | |  1.7

Action                   |  1- 3 |  4- 6 || total
-------------------------+-------+-------++-------
Melee: Short sword       |    81 |    13 ||    94
Invok: Berserk           |     3 |     1 ||     4
  Use: Scroll            |       |     2 ||     2
       Potion            |       |     1 ||     1
 Stab: Sleeping          |    13 |     6 ||    19
Armor: Animal skin       |     9 |     2 ||    11
Dodge: Dodged            |    63 |    21 ||    84

Table legend: (Time is in decaauts)
 A = Elapsed time spent in this place.
 B = Non-inter-level travel time spent in this place.
 C = Inter-level travel time spent in this place.
 D = Time resting spent in this place.
 E = Time spent auto-exploring this place.
 F = Levels seen in this place.
 G = Mean time per level.
                   A        B        C        D        E       F      G
               +--------+--------+--------+--------+--------+-----+--------+
         Total |   1876 |   1775 |    101 |     68 |   1484 |   2 |  938.0 |
       Dungeon |   1876 |   1775 |    101 |     68 |   1484 |   2 |  938.0 |
               +--------+--------+--------+--------+--------+-----+--------+

Top non-repeatable levels by time:
     D:1: 1267 daAuts
     D:2: 609 daAuts
